[Event "*** Titled Tuesday Blitz"]
[Site "Chess.com"]
[Date "2020.12.29"]
[Round "7"]
[White "Forantes"]
[Black "Babujj"]
[Result "1/2-1/2"]
[WhiteElo "2389"]
[BlackElo "2529"]
[TimeControl "180+1"]
[EndTime "11:17:48 PST"]
[Termination "Game drawn by repetition"]

1. Nf3 Nf6 2. g3 d5 3. Bg2 c5 4. O-O Nc6 5. d4 cxd4 6. Nxd4 e5 7. Nxc6 bxc6 8. c4 Be7 9. Nc3 Be6 10. cxd5 cxd5 11.
Qa4+ Bd7 12. Qb3 Rb8 13. Qc2 d4 14. Ne4 O-O 15. Nxf6+ Bxf6 16. b3 Rc8 17. Qd2 Bf5 18. Ba3 Rc2 19. Qb4 Re8 20. Rfc1 Be7 21. Qa4 Bxa3 22. Qxa3 Rxe2 23. Qxa7 Qf6 24. Rf1 d3 25. a4 d2 26. Bf3 Bd3 27. Bxe2 Bxe2 28. Qe3 Bxf1 29.
Rxf1 Rd8 30. Rd1 Qd6 31. a5 h6 32. Qc3 Qd3 33. Qxd3 Rxd3 34. b4 Rb3 35. Rxd2 Rxb4 36. Ra2 Rb7 37. a6 Ra7 38. Kg2 f5 39. Kf3 Kf7 40. Ke3 Ke6 41. Ra5 g5 42. f4 e4 43.
Re5+ Kf6 44. Ra5 Ke6 45. Kd4 gxf4 46. gxf4 Rd7+ 47. Ke3 Ra7 48. Kd4 Kf6 49. Kc5 e3 50. Kb6 e2 51. Ra1 Rd7 52. Re1 Rd6+ 53. Kb7 Rd7+ 54.
Kc6 Re7 55. Kb6 Re6+ 56. Ka5 Re7 57. Kb6 Re6+ 58. Kb7 Re7+ 59. Kb8 Re8+ 60. Kb7 Re7+ 61. Kb6 1/2-1/2

[Event "*** Titled Tuesday Blitz"]
[Site "Chess.com"]
[Date "2020.12.29"]
[Round "7"]
[White "imdvb6307"]
[Black "TregubovP"]
[Result "0-1"]
[WhiteElo "2385"]
[BlackElo "2588"]
[TimeControl "180+1"]
[EndTime "11:17:49 PST"]
[Termination "TregubovP won by resignation"]

1. e4 e6 2. d4 d5 3. exd5 exd5 4. Bd3 Bd6 5. Qf3 Ne7 6. Ne2 Nbc6 7. c3 Be6 8. Bf4 Qd7 9. Bxd6 Qxd6 10. Qg3 O-O-O 11.
Nd2 Bf5 12. Bxf5+ Nxf5 13. Qh3 g6 14. O-O-O Kb8 15. Ng3 Ng7 16. Qh4 Ne6 17. Ne2 f5 18. Nf3 h6 19. Qf6 Nexd4 20. Qxd6 Nxe2+ 21. Kd2 Rxd6 22. Kxe2 Re8+ 23. Kd3 Ne5+ 24. Nxe5 Rxe5 25. Rde1 Rde6 26. Rxe5 Rxe5 27. h4 c5 28. f3 Kc7 29.
Rg1 f4 30. g3 Re3+ 31. Kd2 Rxf3 32. gxf4 Rxf4 33. Rxg6 Rxh4 34. Kc2 Rh2+ 35. Kb3 b5 36. a4 bxa4+ 37. Kxa4 Rxb2 38. Rxh6 Rb6 39. Rh5 Kd6 40.
Rh6+ Ke5 41. Rh5+ Ke4 42. Ka5 Rb3 43. c4 dxc4 44. Rxc5 Kd3 45. Rd5+ Kc2 46. Ka4 Rb7 47. Rh5 c3 48. Ka3 Rd7 49. Ka2 Kc1 50. Ka1 c2 51. Rh2 Rd2 52. Rh1+ Rd1 53. Rh2 Re1 54. Rh7 Kd2+ 0-1

[Event "*** Titled Tuesday Blitz"]
[Site "Chess.com"]
[Date "2020.12.29"]
[Round "7"]
[White "AlexeiShirov"]
[Black "DanielNaroditsky"]
[Result "0-1"]
[WhiteElo "2842"]
[BlackElo "3125"]
[TimeControl "180+1"]
[EndTime "11:17:50 PST"]
[Termination "DanielNaroditsky won on time"]

1. e4 g6 2. d4 Bg7 3. Nc3 d6 4. f4 Nf6 5. Nf3 O-O 6. e5 dxe5 7. fxe5 Nd5 8. Bc4 c6 9. O-O Bf5 10. Ng5 h6 11. Nge4 Be6 12. Nc5 Nxc3 13. Nxe6 Nxd1 14. Nxd8 Rxd8 15. Bxf7+ Kh7 16. Rxd1 Bxe5 17. c3 Bf6 18.
Bf4 Nd7 19. a4 Nb6 20. a5 Nd5 21. Bg3 a6 22. Ra3 Ne3 23. Rd3 Nf5 24. Bc7 Rd7 25. Bb6 e5 26. Be6 Rd6 27. Bxf5 gxf5 28. Rb3 Rd7 29. Rf3 f4 30. dxe5 Bxe5 31. Bd4 Bxd4+ 32. cxd4 Rf8 33. g3 Rf5 34. Rxf4 Rxa5 35. Kg2 Rad5 36. Rb4 b5 37. Rf6 R5d6 38. Rf5 a5 39. Rb3 Rxd4 40. Rc5 R7d6 41. Kh3 Rd2 42. Ra3 a4 43. b4 Rb2 44.
Re3 Rxb4 45. Re7+ Kg6 46. Ra7 Rbd4 47. Re5 R4d5 48. Re8 Rf6 49. g4 Rf7 50. Re6+ Kg7 51. Ra6 Rc7 52. Kh4 Rd3 53. h3 a3 54. g5 hxg5+ 55. Kxg5 Rxh3 56. Rexc6 Rxc6 57. Rxc6 b4 58. Ra6 Rh2 0-1

[Event "*** Titled Tuesday Blitz"]
[Site "Chess.com"]
[Date "2020.12.29"]
[Round "7"]
[White "torsten64"]
[Black "KubaGepard"]
[Result "0-1"]
[WhiteElo "2127"]
[BlackElo "2291"]
[TimeControl "180+1"]
[EndTime "11:17:53 PST"]
[Termination "KubaGepard won by resignation"]

1. d4 d5 2. c4 dxc4 3. Nf3 Nf6 4. e3 c5 5. Bxc4 e6 6. O-O Nc6 7. Qe2 a6 8. a4 Be7 9. Rd1 O-O 10. dxc5 Qc7 11. Nc3 Bxc5 12. Bd2 Bd7 13. Be1 Rfd8 14. Rac1 b6 15. Bxa6 Nb4 16. Bb5 Bxb5 17. Nxb5 Qb7 18. b3 Nbd5 19. Nc3 Nxc3 20. Bxc3 Ne4 21. Bd4 f6 22.
Bxc5 bxc5 23. Rxd8+ Rxd8 24. Qc4 Kf7 25. h3 g5 26. a5 Ra8 27. Ra1 Ra6 28. Qd3 Rd6 29. Qc4 Qa6 30. Qxa6 Rxa6 31. Kf1 Nd6 32. Nd2 f5 33.
Ke2 e5 34. Nc4 Ke6 35. Nxd6 Kxd6 36. Kd3 Kd5 37. Kc3 h5 38. b4 cxb4+ 39. Kxb4 Ra8 40.
Rd1+ Ke4 41. Kb5 f4 42. exf4 gxf4 43. Kb6 f3 44. Re1+ Kf4 45. gxf3 h4 46. Re4+ Kxf3 47. Rxh4 Kxf2 48. Re4 Re8 49. a6 Kf3 50. Re1 e4 51. Kb7 e3 52. a7 Re7+ 53. Kb6 Re8 54. h4 Kf2 55. Ra1 e2 56. Kb7 Re7+ 57. Kb8 Re8+ 58.
Kc7 Rh8 59. h5 Rh7+ 60. Kb6 Rh6+ 61. Kb7 Rh7+ 62. Kc8 Rxa7 63. Rc1 Rh7 64. Rh1 e1=Q 65. Rxe1 Kxe1 0-1

[Event "*** Titled Tuesday Blitz"]
[Site "Chess.com"]
[Date "2020.12.29"]
[Round "7"]
[White "skoularikii"]
[Black "Mazetovic"]
[Result "1-0"]
[WhiteElo "2613"]
[BlackElo "2805"]
[TimeControl "180+1"]
[EndTime "11:17:54 PST"]
[Termination "skoularikii won by resignation"]

1. e4 c5 2. Nf3 Nc6 3. Bb5 e6 4. O-O Nge7 5. d4 cxd4 6. Nxd4 Qc7 7. Nb3 a6 8. Be2 b6 9. Kh1 Bb7 10. f4 f5 11. Nc3 g6 12. e5 g5 13. Qd6 Qxd6 14. exd6 Ng6 15. fxg5 Bxd6 16. Na4 Nce5 17. Nxb6 Rb8 18. Nc4 Nxc4 19. Bxc4 Nh4 20. Rg1 Rg8 21.
Be3 h6 22. Rad1 Be7 23. Nc5 Bxc5 24. Bxc5 Rxg5 25. Bf1 Rc8 26. Bf2 Nf3 27. gxf3 Bxf3+ 28. Bg2 Rxg2 29. Rxg2 Rxc2 30. Rf1 Rxb2 31. a4 Ra2 32. Kg1 Bxg2 33. Kxg2 Rxa4 34. Be3 h5 35. Bc5 Kf7 36.
Bd6 Rd4 37. Be5 Re4 38. Bc7 d5 39. Ra1 Rc4 40. Be5 Re4 41. Bd6 e5 42. Rxa6 f4 43. Bb8 Re2+ 44. Kh3 d4 45. Ra3 Ke6 46. Ra5 Kf5 47. Rd5 f3 48. Kg3 f2 49. Kg2 h4 50.
Kf1 Re3 51. Kxf2 h3 52. Bc7 Kf4 53. Rxd4+ Re4 54. Rxe4+ Kxe4 55. Kg3 Kf5 56. Kxh3 e4 57. Kg3 e3 58. Kf3 e2 59. Kxe2 1-0

[Event "*** Titled Tuesday Blitz"]
[Site "Chess.com"]
[Date "2020.12.29"]
[Round "7"]
[White "KhamzinOlzhas"]
[Black "ajdemipopushi"]
[Result "0-1"]
[WhiteElo "2458"]
[BlackElo "2353"]
[TimeControl "180+1"]
[EndTime "11:17:54 PST"]
[Termination "ajdemipopushi won on time"]

1. d4 Nf6 2. c4 c5 3. d5 b5 4. cxb5 a6 5. f3 e6 6. e4 exd5 7.
e5 Qe7 8. Qe2 Ng8 9. Nc3 Bb7 10. f4 c4 11. Nf3 axb5 12. Nd4 Bc6 13. Nf5 Qc5 14. Be3 Qb4 15. a3 Qa5 16. Rc1 b4 17.
axb4 Bxb4 18. Nd6+ Bxd6 19. exd6 Kf8 20. Bd4 Na6 21.
Qg4 Re8+ 22. Kf2 Nf6 23. Qg5 h6 24. Qh4 Ne4+ 25. Nxe4 Rxe4 26. Bc3 Qc5+ 27. Kg3 Qxd6 28. Qg4 d4 29. Bd2 d3 30. Re1 Qe6 31. Rxe4 Qxg4+ 32.
Kxg4 Bxe4 33. h4 f5+ 34. Kg3 Kf7 35. h5 Rb8 36. Bc3 Rb3 37. Rh4 Nc5 38. Kf2 Na4 39.
Bd4 Nxb2 40. Rh3 c3 41. Bxd3 Nxd3+ 42. Ke3 c2 43. Rh1 c1=Q+ 44. Rxc1 Nxc1+ 45. Kd2 Nd3 46. Ke2 Rb2+ 47. Ke3 Rxg2 48. Be5 Rg3+ 49. Kd4 Nxe5 50. Kxe5 Rg4 51. Kd6 Rh4 52. Kc7 Rxf4 53. Kd8 d5 54.
Kd7 d4 55. Kd8 d3 0-1

[Event "*** Titled Tuesday Blitz"]
[Site "Chess.com"]
[Date "2020.12.29"]
[Round "7"]
[White "Kaslask"]
[Black "lacafi"]
[Result "1-0"]
[WhiteElo "2271"]
[BlackElo "2107"]
[TimeControl "180+1"]
[EndTime "11:17:54 PST"]
[Termination "Kaslask won on time"]

1. e4 c6 2. d3 d5 3. Nf3 dxe4 4.
dxe4 Qxd1+ 5. Kxd1 Bg4 6. Be2 Nd7 7. h3 Bh5 8. Bf4 e6 9. Nbd2 Ngf6 10. c3 Bg6 11. e5 Nd5 12. Bg3 O-O-O 13. Nh4 Nc5 14. Nxg6 hxg6 15. Kc2 g5 16. a4 Nf4 17. Bf3 Ncd3 18.
a5 Nxe5 19. a6 Bc5 20. axb7+ Kxb7 21. Ne4 Be7 22. Ra4 Nxf3 23. gxf3 f5 24. Nd2 Rxh3 25. Rha1 Ra8 26. Nc4 Bc5 27. Ne5 Ne2 28. Nd7 Be7 29. Be5 Rxf3 30. Ra5 Rxf2 31. Kb3 g4 32. Kc4 g3 33.
Bd4 Nxd4 34. cxd4 g2 35. Rg1 Rd8 36. Ne5 Rd5 37. Raa1 Bf6 38. Rae1 Bxe5 39. dxe5 Rxb2 40. Kc3 Rdd2 41. Rb1 Rc2+ 42. Kd3 Rd2+ 43. Ke3 Re2+ 44. Kf3 Rf2+ 45. Kg3 Rc2 46. Rbe1 a5 47. Ra1 Kb6 48.
Kh2 a4 49. Rxa4 Kb5 50. Rf4 g5 51. Rf3 g4 52. Ra3 Kb4 53. Rga1 Rc3 54. Ra4+ Kc5 55. Ra5+ Kd4 56. R1a4+ Rc4 57. Ra1 Rc3 58. Kg1 Rh3 59. R5a4+ Kc5 60. Ra5+ 1-0

[Event "*** Titled Tuesday Blitz"]
[Site "Chess.com"]
[Date "2020.12.29"]
[Round "7"]
[White "Alexander_Zubov"]
[Black "Evgeny81"]
[Result "0-1"]
[WhiteElo "2916"]
[BlackElo "2736"]
[TimeControl "180+1"]
[EndTime "11:17:55 PST"]
[Termination "Evgeny81 won on time"]

1. d4 Nf6 2. Nf3 c5 3. d5 g6 4.
Nc3 Bg7 5. e4 d6 6. h3 O-O 7. a4 b6 8. Bc4 Ba6 9. Bb5 Ne8 10. O-O Nc7 11. Be2 Bxe2 12. Qxe2 Nd7 13. Bf4 Re8 14. Rfd1 a6 15. Ra3 Rb8 16. Rb3 Ne5 17.
Bxe5 Bxe5 18. Nxe5 dxe5 19. h4 h5 20. g3 Qd6 21. Kg2 Red8 22. Ra3 b5 23. Raa1 c4 24.
axb5 axb5 25. Qe3 b4 26. Ne2 Nb5 27. Ra5 Qb6 28. Qxb6 Rxb6 29. f3 Rc8 30. Kf2 c3 31. b3 Na3 32. Rc1 f6 33. f4 Kf7 34. Ng1 exf4 35. gxf4 e6 36. Nf3 exd5 37. Rxd5 Re8 38. e5 Ke6 39. Rd4 fxe5 40. fxe5 Rf8 41. Kg3 Rf5 42. Rd8 Ke7 43. Rd4 Rb8 44. Re4 Rbf8 45. Nd4 Rf1 46. Rxf1 Rxf1 47. Nc6+ Ke6 48. Nxb4 Rg1+ 49.
Kf2 Rh1 50. Ke3 Rh3+ 51. Kd4 Rg3 52. Kc5 Rg4 53. Kd4 Rg3 0-1

[Event "*** Titled Tuesday Blitz"]
[Site "Chess.com"]
[Date "2020.12.29"]
[Round "7"]
[White "vrekhson"]
[Black "rubhani"]
[Result "0-1"]
[WhiteElo "2243"]
[BlackElo "2486"]
[TimeControl "180+1"]
[EndTime "11:17:55 PST"]
[Termination "rubhani won on time"]

1. e4 d5 2. exd5 Qxd5 3. Nc3 Qa5 4. d4 Nf6 5. Bc4 c6 6. Nf3 Bg4 7. O-O e6 8. h3 Bh5 9. Bd2 Qc7 10. Re1 Nbd7 11. Bg5 Be7 12. Bh4 O-O 13. Qd3 Rad8 14. Qe3 Nb6 15. Bd3 Nbd5 16. Nxd5 Nxd5 17. Qe5 Qxe5 18.
dxe5 Bxf3 19. Bxe7 Nxe7 20. gxf3 Rd5 21. Re3 Rfd8 22.
f4 g6 23. Kg2 Rd4 24. Kf3 Kf8 25. a4 a5 26. Ra3 Nd5 27. Re4 Nb4 28. Rxd4 Rxd4 29. Ke3 Rd7 30. Be4 Rd1 31. c3 Na6 32. b4 axb4 33. cxb4 Nxb4 34. Rb3 c5 35. Bxb7 Nc2+ 36.
Ke2 Ra1 37. Rc3 Nd4+ 38. Kd3 Rxa4 39. Rxc5 Nf5 40. Rc8+ Kg7 41. Rc4 Ra1 42. Ke2 Rg1 43.
Bc6 Ne7 44. Bd7 Ra1 45. Rc7 Nd5 46. Rb7 Nxf4+ 47. Kf3 g5 48. h4 h6 49. hxg5 hxg5 50. Kg4 Kg6 51. Be8 Rg1+ 52. Kf3 Kf5 53. Rxf7+ Kxe5 54. Bd7 g4+ 55. Ke3 Nd5+ 56. Kd2 Ra1 57. Rh7 Ra2+ 58.
Kd3 Rxf2 59. Rh5+ Rf5 60. Rh6 Nf6 0-1

[Event "*** Titled Tuesday Blitz"]
[Site "Chess.com"]
[Date "2020.12.29"]
[Round "7"]
[White "Piotrek1979"]
[Black "Msb2"]
[Result "0-1"]
[WhiteElo "2419"]
[BlackElo "2790"]
[TimeControl "180+1"]
[EndTime "11:17:57 PST"]
[Termination "Msb2 won by resignation"]

1. e4 e6 2. Nf3 d5 3. exd5 exd5 4. d4 Nc6 5. Bb5 Bd6 6. O-O Ne7 7. Bg5 f6 8. Bh4 Bg4 9. Bg3 O-O 10. c3 a6 11. Bd3 Qd7 12. Nbd2 Rae8 13. Qc2 Bf5 14. Rfe1 Bxd3 15. Qxd3 Nf5 16. b4 Bxg3 17. hxg3 Nd6 18. a4 Rxe1+ 19. Rxe1 Re8 20. Rxe8+ Qxe8 21. g4 Nd8 22. g5 fxg5 23. Nxg5 Qh5 24. Ngf3 Ne6 25. Qe3 Qf5 26. Qe5 Qxe5 27. Nxe5 Nf7 28. Ndf3 Nxe5 29. Nxe5 h5 30. g3 g5 31. f3 Kg7 32.
Kf2 Kf6 33. a5 Ke7 34. Kg2 Ng7 35. Nd3 b6 36. b5 Kd7 37. bxa6 Kc8 38. axb6 cxb6 39.
Nb4 Kb8 40. Nc6+ Ka8 41. f4 g4 42. Ne7 Ka7 43. f5 Ne8 44. Nxd5 Kxa6 45. f6 Nd6 46. c4 Nf7 47. Nf4 Ka5 48. Nd3 b5 49.
c5 b4 50. d5 b3 51. d6 Kb5 52. Kf2 Kc6 53. Ke3 Kd7 54. Nf4 b2 55. Nd5 b1=Q 56.
Nb6+ Kc6 57. Nc4 Qc1+ 58. Kd4 Qd1+ 59. Ke4 Qd5+ 0-1

[Event "*** Titled Tuesday Blitz"]
[Site "Chess.com"]
[Date "2020.12.29"]
[Round "7"]
[White "PavlovDanila"]
[Black "Macron20hTF1"]
[Result "1/2-1/2"]
[WhiteElo "2677"]
[BlackElo "2496"]
[TimeControl "180+1"]
[EndTime "11:17:59 PST"]
[Termination "Game drawn - insufficient material"]

1. e4 g6 2. d4 Bg7 3. Nc3 d6 4. Be3 a6 5. Qd2 b5 6. f3 Nd7 7. g4 Bb7 8. h4 h5 9. g5 e6 10. O-O-O Ne7 11. Nce2 O-O 12. Ng3 d5 13. Bd3 c5 14. exd5 Nxd5 15. dxc5 Qc7 16. Ne4 Rac8 17. Rh3 Nxe3 18. Qxe3 Nxc5 19. Nxc5 Qxc5 20. Qxc5 Rxc5 21. Be4 Rfc8 22. Rh2 Bxe4 23. fxe4 Be5 24. Re2 Kf8 25. Nf3 Bf4+ 26. Kb1 Ke7 27. Rd3 Rd8 28. Rxd8 Kxd8 29. c3 b4 30. Kc2 bxc3 31. bxc3 Kc7 32. Kd3 e5 33. Rb2 Rc6 34. Rb1 Rd6+ 35. Kc2 Rc6 36.
Rb4 f6 37. gxf6 Rxf6 38. Kd3 Bg3 39. Ke2 Rf4 40. Nxe5 Rxh4 41. Nxg6 Rh2+ 42. Kf3 Be1 43. a4 Rc2 44. e5 Rxc3+ 45. Kf4 Rf3+ 46. Kxf3 Bxb4 47.
Kf4 Kd7 48. Kf5 a5 49. e6+ Kc6 50. Ne5+ Kd5 51. Nd7 h4 52. Nf6+ Kd4 53. Kg4 Ke5 54. Nd7+ Kxe6 55. Nb8 Be1 56. Nc6 Kd5 57. Nxa5 Bxa5 58.
Kxh4 Kc4 59. Kg4 Kb3 60. Kf4 Kxa4 1/2-1/2

[Event "*** Titled Tuesday Blitz"]
[Site "Chess.com"]
[Date "2020.12.29"]
[Round "7"]
[White "Agoking701"]
[Black "ChampStan"]
[Result "1-0"]
[WhiteElo "2351"]
[BlackElo "2179"]
[TimeControl "180+1"]
[EndTime "11:17:59 PST"]
[Termination "Agoking701 won on time"]

1. e4 e5 2. Nf3 Nc6 3. Bb5 Nf6 4.
d3 Bc5 5. O-O d6 6. c3 O-O 7.
Be3 Bxe3 8. fxe3 Ne7 9. Nbd2 h6 10. Nh4 Nh7 11. Bc4 d5 12. Bb3 Be6 13. Qe2 c6 14. Rf2 Nc8 15. Nf5 Bxf5 16. Rxf5 Nd6 17. Rxe5 Qf6 18.
d4 Nxe4 19. Nxe4 dxe4 20. Rxe4 Ng5 21. Rf4 Qd6 22. Raf1 Rae8 23. e4 c5 24. e5 Qe7 25.
Qg4 Kh8 26. h4 Ne6 27. Bxe6 fxe6 28. h5 Rxf4 29. Rxf4 cxd4 30. cxd4 Rd8 31. Qg6 Qg5 32. Qxg5 hxg5 33. Rg4 Kh7 34. Kf2 Kh6 35. Ke3 Kxh5 36.
Rg3 g4 37. Ke4 Kh4 38. Rc3 Rd7 39. Rc8 Kg3 40. Re8 Kxg2 41. Rxe6 g3 42. Rg6 Kf2 43.
e6 Rc7 44. d5 g2 45. d6 Rc1 46. e7 Re1+ 47. Kd5 Re2 48. Rxg7 Re3 49. Rxg2+ Kxg2 50. d7 Rxe7 51. d8=Q Re1 52. Qg5+ Kf3 53. Qf6+ 1-0

[Event "*** Titled Tuesday Blitz"]
[Site "Chess.com"]
[Date "2020.12.29"]
[Round "7"]
[White "lamomiablanca"]
[Black "BelaKis"]
[Result "1-0"]
[WhiteElo "2287"]
[BlackElo "2129"]
[TimeControl "180+1"]
[EndTime "11:18:00 PST"]
[Termination "lamomiablanca won by checkmate"]

1. e4 g6 2. d4 Bg7 3. Nc3 c5 4.
d5 d6 5. Nf3 Nf6 6. Bc4 O-O 7.
O-O b5 8. Bxb5 Ba6 9. Bxa6 Nxa6 10. Qe2 Qa5 11. Bd2 Rab8 12. b3 Nb4 13. Rfc1 Qa6 14.
Qxa6 Nxa6 15. a3 Nc7 16. Rab1 h6 17. Re1 Nd7 18. Na4 Nb5 19. Bc1 Nb6 20. Nxb6 Rxb6 21. Bd2 Nxa3 22. Rbc1 Nb5 23. Red1 Ra8 24. Kf1 a5 25.
Ne1 Nc3 26. Bxc3 Bxc3 27. Nd3 a4 28. bxa4 Rxa4 29. f3 Ra2 30. Ne1 Kg7 31. Rd3 Be5 32. g3 f5 33. exf5 gxf5 34. f4 Bf6 35. Ke2 h5 36. Nf3 Kg6 37. Nd2 Rbb2 38. Kd1 Rb4 39.
Ke2 Bd4 40. c3 Rc4 41. Kd1 Rxc3 42. Rdxc3 Bxc3 43. Rxc3 Kf6 44. Rc2 Ra4 45. Ke2 Rd4 46. Nf3 Rxd5 47. Nh4 e5 48. Nf3 e4 49. Ng5 Rd4 50. Nh3 Rd3 51. Nf2 d5 52. Nxd3 exd3+ 53. Kxd3 c4+ 54. Kd4 Ke6 55. Re2+ Kd6 56. Re5 c3 57.
Rxd5+ Ke6 58. Rc5 c2 59. Rxc2 h4 60. Rc6+ Kd7 61. Rf6 hxg3 62. hxg3 Ke7 63. Rxf5 Ke6 64. g4 Ke7 65. Ke5 Kd7 66. g5 Kc6 67. g6 Kc5 68. g7 Kc4 69. g8=Q+ Kd3 70. Qd8+ Ke3 71.
Kf6 Kf3 72. Re5 Kg4 73. f5 Kf3 74. Qd3+ Kg4 75. Re4+ Kh5 76. Qh3# 1-0

[Event "*** Titled Tuesday Blitz"]
[Site "Chess.com"]
[Date "2020.12.29"]
[Round "7"]
[White "jefferyx"]
[Black "Onischuk_V"]
[Result "1-0"]
[WhiteElo "2925"]
[BlackElo "2800"]
[TimeControl "180+1"]
[EndTime "11:18:03 PST"]
[Termination "jefferyx won by resignation"]

1. d4 d6 2. Nf3 g6 3. e4 Bg7 4. Nc3 Nf6 5. Be3 O-O 6. Qd2 c6 7. Bh6 Nbd7 8. O-O-O Qa5 9. Kb1 Bxh6 10. Qxh6 Qh5 11.
Qd2 Kg7 12. Bd3 e5 13. Ne2 exd4 14. Nexd4 Ne5 15. h3 Nxf3 16. Nxf3 Qc5 17. Rhe1 Be6 18. Ng5 Rfe8 19. f4 h6 20. Nf3 Rad8 21. g4 d5 22. e5 Ne4 23. Qg2 Qf2 24. Re2 Qxg2 25. Rxg2 Nc5 26.
Nd4 Bc8 27. Re2 f6 28. Rde1 fxe5 29. Rxe5 Rxe5 30. Rxe5 Kf7 31. Kc1 Nxd3+ 32. cxd3 c5 33. Nb5 b6 34. Nxa7 Ba6 35. Kd2 Kf6 36. Nc6 Rd6 37. g5+ hxg5 38. fxg5+ Kf7 39. Re7+ Kf8 40. Rc7 Bb5 41. Na7 Bd7 42. Nc8 Bxc8 43. Rxc8+ Ke7 44. Ke3 Re6+ 45. Kf3 d4 46. Rc7+ Kd6 47. Rg7 Re3+ 48. Kf4 Rxd3 49. Rxg6+ Kd5 50. h4 Rd2 51. Rg8 Rxb2 52.
g6 Rf2+ 53. Kg3 Rf1 54. h5 d3 55. Rd8+ Kc4 56. Kg4 Rh1 57. Kg5 Kc3 58. g7 Rg1+ 59. Kf6 d2 60. h6 d1=Q 61. Rxd1 Rxd1 62. g8=Q Rf1+ 63. Ke5 Re1+ 64. Kf4 Rf1+ 65. Ke3 Re1+ 66. Kf2 1-0

[Event "*** Titled Tuesday Blitz"]
[Site "Chess.com"]
[Date "2020.12.29"]
[Round "7"]
[White "StockholmMissile"]
[Black "UCantHandleDenker"]
[Result "1-0"]
[WhiteElo "2433"]
[BlackElo "2549"]
[TimeControl "180+1"]
[EndTime "11:18:04 PST"]
[Termination "StockholmMissile won on time"]

1. e4 d6 2. d4 Nf6 3. Nd2 g6 4. Ngf3 Bg7 5. Bb5+ c6 6. Bd3 O-O 7. O-O c5 8. c3 cxd4 9. cxd4 Nc6 10. b3 Bg4 11.
Bb2 Nd7 12. h3 Bxf3 13. Nxf3 e5 14. d5 Ne7 15. Ba3 Qb6 16. Qd2 Rfc8 17. Qb4 Nc5 18. Qxb6 axb6 19. Bxc5 Rxc5 20. Nd2 b5 21. b4 Rc3 22. Bxb5 Bh6 23. Nc4 Nc8 24. a4 f5 25.
f3 Kf7 26. Ra3 Rc2 27. Rb1 Ke7 28. Rbb3 Na7 29. Nb6 Nxb5 30. axb5 Rxa3 31. Rxa3 Rb2 32. Kf1 Rxb4 33. Ra7 Be3 34. Rxb7+ Kf6 35. Nc8 Bc5 36. b6 Rb1+ 37. Ke2 Rb2+ 38. Kd3 Rxg2 39. Rxh7 Rb2 40.
b7 Rb3+ 41. Kc2 Rb5 42. Kc3 Rb1 43. Kc4 Rb4+ 44. Kc3 Rb1 45. Rd7 Rc1+ 46. Kb3 Rb1+ 47. Kc2 Rb5 48. Nxd6 Bxd6 49. Rxd6+ Kg5 50. Rd7 fxe4 51.
fxe4 Kf4 52. d6 Kxe4 53. Rc7 Kf4 54. d7 e4 55. d8=Q e3 56. Qd4+ Kf3 57. Rf7+ Kg3 58. Qxe3+ Kh4 59. Rh7+ 1-0

[Event "*** Titled Tuesday Blitz"]
[Site "Chess.com"]
[Date "2020.12.29"]
[Round "7"]
[White "alexgo05"]
[Black "Chamal_Gedgafov"]
[Result "1/2-1/2"]
[WhiteElo "2474"]
[BlackElo "2232"]
[TimeControl "180+1"]
[EndTime "11:18:07 PST"]
[Termination "Game drawn - insufficient material"]

1. e4 e5 2. Nf3 Nc6 3. Bb5 a6 4.
Ba4 Nf6 5. O-O Be7 6. Re1 b5 7.
Bb3 d6 8. c3 O-O 9. d4 Bg4 10.
d5 Nb8 11. Nbd2 c6 12. h3 Bh5 13. dxc6 Nxc6 14. Nf1 Qc7 15. Bg5 h6 16. Bxf6 Bxf6 17. Ne3 Ne7 18. Qe2 Rfd8 19. Rad1 g5 20. Nd5 Nxd5 21.
Bxd5 Rab8 22. Qe3 Kg7 23. Rd2 g4 24. hxg4 Bxg4 25. Rd3 Kh7 26. Nh2 Be6 27. Qf3 Bg5 28.
Ng4 Qe7 29. Ne3 Bxe3 30. Rexe3 Rg8 31. Qh5 Rg6 32. Rg3 Rbg8 33. Rxg6 Rxg6 34. g3 Rg5 35. Qf3 h5 36. Kh2 h4 37. Bxe6 hxg3+ 38. fxg3 Qxe6 39. Rd1 Kg6 40. Kg2 Rh5 41. g4 Rg5 42. Kg3 Kg7 43. Rh1 Rg6 44. Rh4 Rf6 45. Qe3 Rf4 46.
a3 Qc4 47. g5 Rxh4 48. Kxh4 Qf1 49. Qd2 Qf3 50. Qxd6 Qxe4+ 51. Kh5 Qg6+ 52. Qxg6+ fxg6+ 53. Kg4 Kf7 54. Kf3 Ke6 55. Ke4 Kd6 56. b3 a5 57.
c4 bxc4 58. bxc4 a4 59. c5+ Kxc5 60. Kxe5 Kc4 61. Kf6 Kb3 62. Kxg6 Kxa3 63. Kf5 Kb2 64. g6 a3 65. g7 a2 66. g8=Q a1=Q 67. Qh8+ Kb1 68.
Qxa1+ Kxa1 1/2-1/2

[Event "*** Titled Tuesday Blitz"]
[Site "Chess.com"]
[Date "2020.12.29"]
[Round "7"]
[White "Makswolf200817"]
[Black "731291"]
[Result "0-1"]
[WhiteElo "2424"]
[BlackElo "2576"]
[TimeControl "180+1"]
[EndTime "11:18:08 PST"]
[Termination "731291 won by checkmate"]

1. d4 c5 2. d5 g6 3. c4 Bg7 4. Nc3 d6 5. e4 Nf6 6. Nf3 O-O 7. g3 Bg4 8. Bg2 a6 9. O-O b5 10. Qe2 b4 11. Nd1 Bxf3 12. Bxf3 Nfd7 13. Bg2 a5 14.
a4 Ra7 15. Kh1 e6 16. Ne3 exd5 17. cxd5 Nb6 18. f4 Re8 19. Rb1 Nxa4 20. Qb5 Qd7 21. Qd3 Nb6 22. f5 Bd4 23. Ng4 Qe7 24. Nh6+ Kg7 25.
fxg6 fxg6 26. Rf7+ Qxf7 27. Nxf7 Rxf7 28. Bf4 Be5 29. Bxe5+ Rxe5 30. b3 N8d7 31. Ra1 c4 32.
bxc4 a4 33. Qd2 b3 34. Qb4 Rf2 35. Rb1 b2 36. Rxb2 Rxb2 37. Qxb2 Nxc4 38. Qb4 Ndb6 39. Kg1 a3 40. Qb3 Re7 41. Kf2 Ra7 42. Qa2 Ne5 43.
Bf1 Nbd7 44. Ke3 Nc5 45. Bb5 h5 46. h4 Ra5 47. Be2 Ra4 48. Bd1 Rxe4+ 49. Kf2 Rd4 50.
Be2 Ne4+ 51. Ke3 Ra4 52. Bd1 Nc3 53. Qa1 Nxd1+ 54. Qxd1 Ra5 55. Qd2 a2 56. Qxa5 Nc4+ 57. Kd3 Nxa5 58. Kc2 a1=Q 59. Kd2 Qe5 60. Kd1 Qxg3 61.
Kc1 Qg2 62. Kb1 Nc4 63. Kc1 Qd2+ 64. Kb1 Qb2# 0-1

[Event "*** Titled Tuesday Blitz"]
[Site "Chess.com"]
[Date "2020.12.29"]
[Round "7"]
[White "MuhittinBuker"]
[Black "Kale36"]
[Result "1/2-1/2"]
[WhiteElo "2116"]
[BlackElo "2270"]
[TimeControl "180+1"]
[EndTime "11:18:08 PST"]
[Termination "Game drawn by repetition"]

1. d4 Nc6 2. d5 Ne5 3. e4 e6 4. Nf3 Nxf3+ 5. Qxf3 Qf6 6. Qxf6 Nxf6 7. dxe6 fxe6 8.
Bd3 Bc5 9. O-O O-O 10. Nc3 Ng4 11. Nd1 b6 12. h3 Ne5 13. Be3 Nxd3 14. cxd3 Be7 15. f4 Bb7 16. Nc3 d5 17. e5 c5 18.
d4 c4 19. g4 g6 20. a4 Bc6 21. Kh2 a6 22. Kg3 b5 23. axb5 axb5 24. Rxa8 Rxa8 25.
f5 gxf5 26. gxf5 exf5 27. Rxf5 Bd7 28. Rf2 Bc6 29. Bh6 b4 30. Ne2 Bf8 31. Bxf8 Rxf8 32. Rxf8+ Kxf8 33. Kf4 c3 34. bxc3 b3 35. c4 dxc4 36.
Nc3 Ke7 37. d5 Be8 38. Ke4 Bg6+ 39. Kd4 b2 40. Kxc4 b1=Q 41. Nxb1 Bxb1 42. Kc5 h5 43. h4 Bf5 44. Kc6 Be4 45. Kc5 Kd7 46. Kd4 Bg2 47.
Kc5 Kc7 48. Kc4 Bf1+ 49. Kc5 Be2 50. Kd4 Bf3 51. Kc5 Kd7 52. Kd4 Ke7 53. Kc5 Be2 54.
Kc6 Bc4 55. Kc5 Ba2 56. Kd4 Kd7 57. Kc5 Kc7 58. Kd4 Kb6 59. e6 Kc7 60. Ke5 Kd8 61. d6 Bc4 62. Kf6 Be2 63. Kf7 Bc4 64. Kf6 Bb3 65.
Ke5 Bc4 66. Kf6 1/2-1/2

[Event "*** Titled Tuesday Blitz"]
[Site "Chess.com"]
[Date "2020.12.29"]
[Round "7"]
[White "jens1102"]
[Black "Nils_03"]
[Result "0-1"]
[WhiteElo "2360"]
[BlackElo "2263"]
[TimeControl "180+1"]
[EndTime "11:18:10 PST"]
[Termination "Nils_03 won by checkmate"]

1. c4 Nf6 2. Nc3 g6 3. Nf3 Bg7 4. d4 O-O 5. e4 d6 6. Be2 e5 7.
O-O Nc6 8. d5 Ne7 9. b4 a5 10.
b5 b6 11. Ng5 h6 12. Nf3 Nd7 13. Ne1 f5 14. Nd3 f4 15. Bg4 h5 16. Be6+ Kh7 17.
Ba3 Ng8 18. Qf3 Nh6 19. Qh3 Nf7 20. Bxf7 Rxf7 21. g4 Nc5 22. Bxc5 Bxg4 23. Qg2 f3 24. Qg3 bxc5 25. h3 Bd7 26. h4 Bh6 27. Nd1 Bf4 28.
Nxf4 Rxf4 29. Ne3 Qxh4 30. Rab1 Rxe4 31. Qxf3 Rf4 32. Qg3 Qf6 33. b6 cxb6 34. Rxb6 Rf3 35. Qg2 Bh3 36. Qh2 Rxe3 37. Rfb1 Rf3 38. Rb7+ Kh6 39.
Rc7 Qg5+ 40. Kh1 Bf5 41. Rbb7 Rh8 42. Qg2 Be4 43. Qxg5+ Kxg5 44. Kg1 h4 45. Rf7 h3 46. Kh2 Bf5 47. Rb2 Kf4 48. Ra7 g5 49. Rxa5 g4 50. a4 g3+ 51. fxg3+ Rxg3 52. Ra6 Be4 53. Rf2+ Bf3 54.
Ra8 Rg2+ 55. Rxg2 hxg2+ 56. Rxh8 e4 57. a5 e3 58. a6 e2 59. Re8 Be4 60. Rf8+ Ke3 61. a7 e1=Q 62. a8=Q Qh4+ 63. Kg1 Qh1# 0-1